 Dungeon Crawl Stone Soup version 0.30-a0-824-g6c64550be9 (webtiles) character file.

Game seed: 3340586847571308773

139 Lobster4 the Ducker (level 5, -3/38 HPs)
             Began as a Djinni Hedge Wizard on Feb 27, 2023.
             Was an Initiate of Gozag.
             Slain by an orc
             ... wielding a +0 whip
              (5 damage)
             ... on level 4 of the Dungeon.
             The game lasted 00:08:05 (3484 turns).

Lobster4 the Ducker (Djinni Hedge Wizard)           Turns: 3484, Time: 00:08:05

Health: -3/38      AC:  2    Str:  9    XL:     5   Next: 46%
Gold:   239        EV: 12    Int: 18    God:    Gozag SH:  5 Dex: 12

rFire   + + .      SeeInvis +    u - +0 dagger (venom)
rCold   x . .      Faith    .    (no shield)
rNeg    . . .      Spirit   .    b - +0 robe
rPois   ∞          Reflect  +    c - +0 hat
rElec   .          Harm     .    (no cloak)
rCorr   .          Rampage  .    (no gloves)
Will    .....                    (boots unavailable)
Stlth   ++                       q - amulet of reflection
HPRegen 0.26/turn                k - ring of see invisible
MPRegen 0.00/turn                (no ring)

@: flying
A: sickness immunity, fire resistance 2, cold vulnerability 1, float, innate
caster, HP casting, extra vitality 1
a: Renounce Religion, Potion Petition, Call Merchant, Bribe Branch


You were on level 4 of the Dungeon.
You worshipped Gozag.
Gozag was aware of your devotion.
You visited 2 branches of the dungeon, and saw 5 of its levels.

You collected 283 gold pieces.
You paid 44 gold pieces to Gozag.

Inventory:

Hand Weapons
 p - a +0 sling of electrocution
 r - a +0 dagger of draining
 u - a +0 dagger of venom (weapon)
Missiles
 l - 5 poisoned darts
 v - 5 boomerangs
Armour
 b - a +0 robe (worn)
 c - a +0 hat (worn)
 h - a +0 leather armour
Jewellery
 k - a ring of see invisible (left hand)
 q - an amulet of reflection (around neck)
Wands
 y - a wand of charming (7)
Scrolls
 a - 3 scrolls of teleportation {unknown}
 j - a scroll of butterflies {unknown}
 m - 2 scrolls of poison {unknown}
 n - 3 scrolls of identify {unknown}
 o - a scroll of blinking {unknown}
 w - a scroll of immolation {unknown}
Potions
 d - 2 potions of curing {unknown}
 e - a potion of mutation {unknown}
 f - a potion of flight
 g - 2 potions of haste {unknown}
 i - 2 potions of lignification {unknown}
 s - a potion of magic
 t - a potion of brilliance {unknown}
 x - a potion of berserk rage {unknown}
 z - a potion of cancellation {unknown}
 A - a potion of heal wounds {unknown}


   Skills:
 + Level 1.9 Fighting
 - Level 1.0 Ranged Weapons
 + Level 1.8 Armour
 + Level 3.2 Dodging
 - Level 2.0 Stealth
 + Level 2.9 Spellcasting


You knew the following spells:

 Your Spells              Type           Power      Damage    Failure   Level
a - Magic Dart            Conj           52%        1d5       4%          1
b - Shock                 Conj/Air       52%        1d6       4%          1
c - Slow                  Hex            52%        N/A       4%          1
d - Mephitic Cloud        Conj/Pois/Air  13%        N/A       14%         3
e - Call Imp              Summ           13%        N/A       8%          2
f - Blink                 Tloc           26%        N/A       8%          2
g - Ensorcelled Hibernat  Hex/Ice        26%        N/A       8%          2
Your spell library was empty.

Dungeon Overview and Level Annotations

Branches:
Dungeon (4/15)             Temple (1/1) D:4

Altars:
Ashenzari
Cheibriados
Elyvilon
Fedhas
Gozag
Hepliaklqana
Makhleb
Okawaru
Qazlal
Ru
Trog
Uskayaw
Wu Jian
Xom
Yredelemnul
Zin
The Shining One

Annotations:
D:4 1 runed translucent door, qeuew's ghost, amateur FoFi


Innate Abilities, Weirdness & Mutations

You are immune to sickness and miasma.
You are immune to poison.
Your flesh is very heat resistant. (rF++)
You are vulnerable to cold. (rC-)
You float through the air rather than walking.
You learn spells naturally, not from books.
Your magical power is your life essence.
You have superior vitality. (+4 MHP)


Message History

Casting: Magic Dart (safe; 4% risk of failure)
Confirm with . or Enter, or press ? or * to list all spells.
Aiming: Magic Dart (safe; 4% risk of failure)
Press: ? - help, Shift-Dir - straight line, f/p - orc wizard
Aim: an orc wizard, wielding a +0 dagger and wearing a +0 robe (heavily wounded, 100% to hit)
The magic dart hits the orc wizard.
The orc wizard is severely wounded.
Casting: Magic Dart (safe; 4% risk of failure)
Confirm with . or Enter, or press ? or * to list all spells.
Aiming: Magic Dart (safe; 4% risk of failure)
Press: ? - help, Shift-Dir - straight line, f/p - orc wizard
Aim: an orc wizard, wielding a +0 dagger and wearing a +0 robe (severely wounded, 100% to hit)
The magic dart hits the orc wizard.
The orc wizard is almost dead.
The orc wizard gestures at you while chanting.
You are confused.
An orc priest comes into view. It is wielding a +0 dagger.
The orc priest shouts!
Unknown command.
You're too confused to move!
The orc closely misses you. The orc wizard casts a spell at you.
The magic dart hits you.
You bump into the rock wall.
The orc misses you.
The orc wizard points at you and mumbles some strange words.
The puff of flame hits you. You resist.
* * * LOW HITPOINT WARNING * * *
It was a potion of flight.
You feel more buoyant. The orc barely misses you.
The orc wizard hits you but does no damage.
You bump into the rock wall.
The orc hits you with a +0 whip.
* * * LOW HITPOINT WARNING * * *
The orc wizard casts a spell at you. The magic dart hits you!
* * * LOW HITPOINT WARNING * * *
It was a potion of magic.
Magic washes over you without effect.
You feel less confused. The orc hits you with a +0 whip.
You die...
Your body crumbles into a pile of gold.

############
#######..........#
#.......########.#
#######.####### ##.#### ..
........<############......
.#
#######.oo@8......<##...###
.# ##..#o>######.##...# #
.# #...##8######.##...# #
^# #..................# #
.# ###...####.####..###.###
.# #.....# #..............
.# #.##.<# ######..##.####
.# ##.##..# #..............
##
##...#..####.####.(##.####


You could see an orc priest, an orc wizard and an orc.

Vanquished Creatures
  Ijyb (D:4)
  2 adders
  A worm (D:2)
  An orc (D:4)
  5 ball pythons
  4 endoplasms
  A giant cockroach (D:1)
  7 goblins
  4 hobgoblins
  4 jackals
  A quokka (D:1)
  7 bats
  2 frilled lizards
  7 kobolds
  4 rats
51 creatures vanquished.

Vanquished Creatures (collateral kills)
  4 gnolls (D:4)
  A hobgoblin (D:4)
5 creatures vanquished.

Vanquished Creatures (others)
  2 withered plants (D:4)
2 creatures vanquished.

Grand Total: 58 creatures vanquished

Notes
Turn   | Place    | Note
-------+----------+-------------------------------------------
     0 | D:1      | Lobster4 the Djinni Hedge Wizard began the quest for the
                  | Orb.
     0 | D:1      | Lobster4 set off with the following spells memorised: Magic
                  | Dart, Slow, Blink, Call Imp, Mephitic Cloud.
     0 | D:1      | Reached XP level 1. HP: 15/15 MP: 0/0
   199 | D:1      | Reached XP level 2. HP: 21/22 MP: 0/0
   637 | D:1      | Found a faded altar of an unknown god.
   995 | D:2      | Reached XP level 3. HP: 18/26 MP: 0/0
   995 | D:2      | Learned a level 1 spell: Shock
  1187 | D:2      | Reached skill level 1 in Armour
  1298 | D:2      | Reached skill level 1 in Fighting
  1846 | D:3      | Reached XP level 4. HP: 24/32 MP: 0/0
  2457 | D:4      | Found a staircase to the Ecumenical Temple.
  2462 | Temple   | Entered the Ecumenical Temple
  2474 | Temple   | Became a worshipper of Gozag Ym Sagoz the Greedy
  2918 | D:4      | Noticed Ijyb
  2967 | D:4      | Killed Ijyb
  2968 | D:4      | Reached skill level 3 in Dodging
  3101 | D:4      | Reached XP level 5. HP: 36/38 MP: 0/0
  3101 | D:4      | Learned a level 2 spell: Ensorcelled Hibernation
  3144 | D:4      | Reached skill level 1 in Ranged Weapons
  3260 | D:4      | Found a runed translucent door.
  3260 | D:4      | Noticed qeuew's ghost (amateur FoFi)
  3363 | D:4      | Found a burning altar of Makhleb.
  3484 | D:4      | Slain by an orc

Illustrated notes

Levels and vault maps discovered:
D:1:      lightli_arrival_windingriver, layout_basic,
          shapermc_ecumenical_altar_acropolis, hex_intersection,
          minmay_tetromino_s4
D:2:      layout_loops_corners
D:3:      layout_loops_cross
D:4:      layout_loops_ring, gammafunk_temple_overflow_pools, temple_statues,
          gammafunk_ghost_grave, kennysheep_generic_room_14, uniq_ijyb
Temple:   sentei_temple_godly_chess

Skill      XL: |  1  2  3  4  5 |
---------------+----------------+-----
Armour         | 1 |  1.8
Fighting       | 1 |  1.9
Stealth        | 2 |  2.0
Dodging        | 3 |  3.2
Ranged Weapons | 1 |  1.0
Spellcasting   | |  2.9

Action                     |  1- 3 |  4- 6 || total
---------------------------+-------+-------++-------
  Melee: Dagger            |       |     8 ||     8
         Punch             |       |     1 ||     1
   Fire: Sling             |     1 |       ||     1
   Cast: Magic Dart        |    85 |    53 ||   138
         Shock             |     1 |     3 ||     4
         Call Imp          |       |     8 ||     8
    Use: Potion            |       |     2 ||     2
 Armour: Robe              |     1 |     2 ||     3
  Dodge: Dodged            |     7 |    10 ||    17
  Block: Other             |       |     3 ||     3

Table legend: (Time is in decaauts)
 A = Elapsed time spent in this place.
 B = Non-inter-level travel time spent in this place.
 C = Inter-level travel time spent in this place.
 D = Time resting spent in this place.
 E = Time spent auto-exploring this place.
 F = Levels seen in this place.
 G = Mean time per level.
                   A        B        C        D        E       F      G
               +--------+--------+--------+--------+--------+-----+--------+
         Total |   3482 |   3277 |    205 |      0 |   2807 |   5 |  696.4 |
       Dungeon |   3462 |   3263 |    199 |      0 |   2807 |   4 |  865.5 |
        Temple |     19 |     13 |      6 |      0 |      0 |   1 |   19.0 |
               +--------+--------+--------+--------+--------+-----+--------+

Top non-repeatable levels by time:
     D:2: 985 daAuts
     D:4: 971 daAuts
     D:1: 780 daAuts
     D:3: 726 daAuts
  Temple: 19 daAuts
